 Dungeon Crawl Stone Soup version bcrawl-1.27.1d (webtiles) character file.

Game seed: 13088920951782307072

116770 Freyura the Twirler (level 3, 0/28 HPs)
             Began as a Demonspawn Gladiator on July 27, 2020.
             Killed by divine providence
             ... invoked by an orc priest
              (10 damage)
             ... on level 3 of the Dungeon.
             The game lasted 00:02:50 (1352 turns).

Freyura the Twirler (Demonspawn Gladiator)          Turns: 1352, Time: 00:02:51

Health: 0/28       AC:  6    Str: 14    XL:     3   Next: 46%
Magic:  3/3        EV: 13    Int:  9    God:
Gold:   103        SH:  0    Dex: 15    Spells: 2/2 levels left

rFire    . . .     SeeInvis .   a - +0 quarterstaff
rCold    . . .     Gourm    .   (shield currently unavailable)
rNeg     . . .     Faith    .   b - +0 leather armour
rPois    .         Spirit   .   c - +0 helmet
rElec    .         Reflect  .   (no cloak)
rCorr    .         Harm     .   (no gloves)
MR       .....                  o - +1 pair of boots
Stlth    ..........             n - amulet of rage
HPRegen  0.09/turn              i - ring of Zusug {Slay+2 Stlth--}
MPRegen  0.08/turn              (no ring)

@: no status effects
A: powered by death 1, spiny 1
a: Evoke Berserk Rage


You were on level 3 of the Dungeon.
You were not hungry.

You visited 1 branch of the dungeon, and saw 3 of its levels.

You collected 103 gold pieces.

Inventory:

Hand Weapons
 a - a +0 quarterstaff (weapon)
Missiles
 d - 3 throwing nets {=f}
Armour
 b - a +0 leather armour (worn)
 c - a +0 helmet (worn)
 o - a +1 pair of boots (worn)
Jewellery
 i - the ring of Zusug (left hand) {Slay+2 Stlth--}
   (You found it on level 1 of the Dungeon)

   [ring of attention]

   It affects your accuracy and damage with ranged weapons and melee attacks
   (+2).
   It makes you much less stealthy.
 n - an amulet of rage (around neck)
Wands
 p - a wand of acid (8)
Scrolls
 k - a scroll of identify
 l - a scroll of teleportation
Potions
 f - a potion of curing {unknown}
 g - 3 potions of lignification {unknown}
 h - 3 potions of agility {unknown}
 j - a potion of cancellation {unknown}
 m - a potion of berserk rage {unknown}
Comestibles
 e - 5 rations {!d}


   Skills:
 + Level 2.4 Fighting
 * Level 3.3 Staves
 - Level 1.7 Throwing
 + Level 1.0 Armour
 + Level 3.0 Dodging


You had 2 spell levels left.
You didn't know any spells.
Your spell library was empty.

Dungeon Overview and Level Annotations

Branches:
Dungeon (3/12)

Altars:
Fedhas


Innate Abilities, Weirdness & Mutations

You regenerate a little health from kills.
You are partially covered in sharp spines.


Message History

You hit the orc priest.
The orc priest is lightly wounded.
You closely miss the orc priest.
The orc priest is lightly wounded.
The orc priest mumbles some strange prayers to Beogh against you.
Pain shoots through your body!
You hit the orc priest.
The orc priest is moderately wounded.
The orc priest hits you but does no damage.
You hit the orc priest.
The orc priest is heavily wounded.
The orc priest is struck by your spines.
The orc priest hits you but does no damage.
The orc closely misses you.
You hit the orc priest.
The orc priest is almost dead.
An orc comes into view. It is wielding a +0 club.
The orc priest mumbles some strange prayers to Beogh against you.
Beogh smites you!
You die...

#..# ...# $# ##..#
#.#. ..o .... ..<
... #... ##.##.#
#.... +.ooo.# ....
#@o..#
#..#######....#
#..##....)..###
#..##.....(.#
#..##.......#
#...........#
########.##.......#
<........##.......#
###########.......#


You could see an orc priest and 4 orcs.

Vanquished Creatures
  A worm (D:2)
  4 dart slugs
  2 giant cockroaches
  6 goblins
  6 hobgoblins
  4 jackals
  3 bats
  5 frilled lizards
  3 rats
34 creatures vanquished.

Notes
Turn   | Place    | Note
-------+----------+-------------------------------------------
     0 | D:1      | Freyura the Demonspawn Gladiator began the quest for the
                  | Orb.
     0 | D:1      | Reached XP level 1. HP: 16/16 MP: 1/1
   188 | D:1      | Got a shimmering marble ring
   199 | D:1      | Gained mutation: You are partially covered in sharp spines.
                  | [demonic ancestry]
   199 | D:1      | Reached XP level 2. HP: 19/22 MP: 2/2
   838 | D:2      | Found a blossoming altar of Fedhas.
   848 | D:2      | Gained mutation: You regenerate a little health from kills.
                  | [demonic ancestry]
   848 | D:2      | Reached XP level 3. HP: 28/28 MP: 3/3
   996 | D:2      | Reached skill level 1 in Armour
  1289 | D:2      | Identified the ring of Zusug {Slay+2 Stlth--} (You found it
                  | on level 1 of the Dungeon)
  1352 | D:3      | Killed from afar by an orc priest

Skill      XL: |  1  2  3 |
---------------+----------+-----
Staves         | 3 |  3.3
Dodging        | 3 |  3.0
Armour         | 1 |  1.0
Fighting       | |  2.4
Throwing       | |  1.7

Action                   || total
-------------------------++-------
Melee: Quarterstaff      ||    68
  Use: Scroll            ||     3
 Stab: Sleeping          ||     1
  Eat: Chunk             ||     3
Armor: Leather armour    ||    21
Dodge: Dodged            ||    35
